Unix NetHack Version 3.7.0-86 Work-in-progress - last build May 30 2023 11:53:40 (cc98dc9aa62a9957b082a042edf5bd7ec9f632c7,branch:master). Game began 2023-06-08 17:57:44, ended 2023-06-08 18:33:39. Ted, neutral female human Priestess . .- #------ .| ...... .| ------------- .....- .| |.(.|.*.....| .....| .....# |...|...|...|......+ ......| |...|...|... ......| -.....| |..%|..*--o--......----- ---+-- | |.<..0|0--.---|--..oo...................| --..%.|.)%.).).[.o(%@{........{.........| ---....--.---+--.....-- -- 0 | |.*|.|...| -----.| |..|.|...| .| .0|.|...| (| .| |.|.(.....| | |.--------- |. --- Ted the Adept St:25 Dx:16 Co:15 In:8 Wi:18 Ch:13 Neutral S:8230 Dlvl:7 $:4880 HP:0(54) Pw:90(90) AC:3 Xp:7/755 T:5343 Latest messages: The orc-captain shoots 2 poisoned crude arrows! The 1st poisoned crude arrow hits Ogthosagris of Unogzog. The poison doesn't seem to affect Ogthosagris of Unogzog. The 2nd poisoned crude arrow hits Ogthosagris of Unogzog. The poison doesn't seem to affect Ogthosagris of Unogzog. The orc-captain shoots 2 poisoned crude arrows! The 1st poisoned crude arrow hits Ogthosagris of Unogzog! The poison doesn't seem to affect Ogthosagris of Unogzog. The 2nd poisoned crude arrow hits Ogthosagris of Unogzog. The poison doesn't seem to affect Ogthosagris of Unogzog. Ogthosagris of Unogzog wields a curved sword! The orc-captain wields a curved sword! You hit the orc-captain! The orc-captain shoots 2 poisoned crude arrows! The 1st poisoned crude arrow misses Aigorugor of Unogzog. The 1st poisoned crude arrow hits Zuun-a of Unogzog. Zuun-a of Unogzog is killed! The 2nd poisoned crude arrow hits Aigorugor of Unogzog. The poison doesn't seem to affect Aigorugor of Unogzog. The orc-captain shoots a poisoned crude arrow! The poisoned crude arrow misses Aigorugor of Unogzog. The poisoned crude arrow hits the orc-captain. The poison doesn't seem to affect the orc-captain. You kill the orc-captain! $ - 26 gold pieces (4854 in total). The Uruk-hai misses! You hit Thosagris of Unogzog! Thosagris of Unogzog points at you, then curses. You kill Thosagris of Unogzog! Ogthosagris of Unogzog swings her curved sword. Ogthosagris of Unogzog hits! The Uruk-hai picks up a curved sword. You kill Ogthosagris of Unogzog! The orc-captain wields a crude short sword! You kill the orc-captain! S - a smoky potion. $ - 26 gold pieces (4880 in total). There are several more objects here. The orc-captain thrusts her crude short sword. The orc-captain hits! The orc-captain thrusts her crude short sword. The orc-captain just misses! Aiuna-thos of Unogzog hits! The Uruk-hai picks up a poisoned crude arrow. The orc-captain thrusts her crude short sword. The orc-captain hits! The orc-captain thrusts her crude short sword. The orc-captain hits again! You die... Do you want your possessions identified? [ynq] (y) q Inventory: Coins $ - 4880 gold pieces Amulets j - an amulet versus poison (being worn) Weapons a - a blessed +2 mace (weapon in hand) Armor t - a -1 pair of gauntlets of power (being worn) r - a +0 pair of speed boots (being worn) c - a +0 small shield (being worn) b - a +0 robe (being worn) E - a +0 studded leather armor (being worn) Comestibles e - a clove of garlic G - a food ration f - a sprig of wolfsbane Scrolls z - a blessed scroll of enchant weapon R - a blessed scroll of identify O - a scroll of identify J - a cursed scroll of light v - a cursed scroll of magic mapping u - a scroll of remove curse M - a scroll of teleportation Spellbooks h - a spellbook of clairvoyance g - a spellbook of healing Potions S - a potion of full healing N - a potion of gain ability H - a potion of object detection y - a potion of restore ability m - a potion of see invisible d - a potion of holy water Rings F - a cursed ring of teleportation Wands D - a blessed wand of probing (0:6) A - a wand of secret door detection (0:11) B - a wand of sleep (0:5) P - a wand of striking (0:0) Q - a wand of striking (0:0) Tools i - a magic marker (0:41) K - a blessed oil lamp (lit) C - a +0 pick-axe Gems/Stones I - a flint stone Ted the Priestess's attributes: Background: You were an Adept, a level 7 human Priestess. You were neutral, on a mission for Brigit who was opposed by Lugh (lawful) and Manannan Mac Lir (chaotic). You were in the Gnomish Mines, on level 7. You entered the dungeon 5343 turns ago. You had 755 experience points, 525 more were needed to attain level 8. Your score was 8230 before end-of-game adjustments. Basics: You had 0 out of 54 hit points. You had all 90 energy points (spell power). Your armor class was 3. Your wallet contained 4880 zorkmids. Autopickup was on for '$"=/!?' plus thrown. Final Characteristics: Your strength was 25 (base:10, innate limit:18/100). Your dexterity was 16 (limit:18). Your constitution was 15 (limit:18). Your intelligence was 8 (limit:18). Your wisdom was 18 (limit:18). Your charisma was 13 (limit:18). Final Status: You were not hungry. You were unencumbered. You were wielding a mace. You had basic skill with mace and could have enhanced that. Final Attributes: You were piously aligned. You were poison resistant. You were guarded. You were very fast. You are dead. Miscellaneous: You never encountered a bones level. Total elapsed playing time was 35 minutes and 54 seconds. Major events: Turn 1: Ted the neutral human Priestess entered the dungeon 1508: attained the rank of Acolyte (level 3) 4906: entered the Gnomish Mines 4959: attained the rank of Adept (level 6) 5343: killed by an orc-captain Vanquished creatures: 3 orc-captains a werewolf 2 Uruk-hai 3 orc shamans a fog cloud 3 gnome leaders a gnomish wizard a straw golem a giant ant 2 little dogs 5 dwarves a kobold leader 2 hill orcs a centipede a giant bat 2 dwarf zombies a wererat 5 iguanas an acid blob 3 hobbits a large kobold a hobgoblin 7 giant rats a cave spider a yellow mold 16 gnomes a garter snake 6 geckos 8 jackals 2 foxes 4 goblins a sewer rat 5 grid bugs 2 bats 7 lichens 3 kobold zombies 12 newts 118 creatures vanquished. No species were genocided or became extinct. Voluntary challenges: You read items or engraved 2 times. You never engraved Elbereth. You never had a pet. You never genocided any monsters. You never polymorphed an object. You never changed form. You used no wishes. Achievements: You entered a shop. You attained the rank of Acolyte. You entered the Gnomish Mines. You attained the rank of Adept. The Dungeons of Doom: levels 1 to 5 Level 1: A sink. Level 2: An armor shop. Level 3: Level 4: A fountain. Stairs down to The Gnomish Mines. Level 5: The Gnomish Mines: levels 5 to 7 Level 5: Level 6: Level 7: <- You were here. Some fountains. Final resting place for you, killed by an orc-captain. Game over: ---------- / \ / REST \ / IN \ / PEACE \ / \ | Ted | | 4880 Au | | killed by an | | orc-captain | | | | | | 2023 | *| * * * | * _________)/\\_//(\/(/\)/\//\/|_)_______ Goodbye Ted the Priestess... You died in The Gnomish Mines on dungeon level 7 with 7742 points, and 4880 pieces of gold, after 5343 moves. You were level 7 with a maximum of 54 hit points when you died.